 Dungeon Crawl Stone Soup version 0.29-a0-352-g0917bc69df (webtiles) character file.

Game seed: 2168125158701252678

186 Lekart the Slasher (level 5, 0/46 HPs)
             Began as a Draconian Chaos Knight on Apr 24, 2022.
             Was a Plaything of Xom.
             Succumbed to Robin's poison
             ... on level 2 of the Dungeon.
             The game lasted 00:04:57 (3300 turns).

Lekart the Slasher (Draconian Chaos Knight)         Turns: 3300, Time: 00:04:58

Health: 0/46       AC:  5    Str: 14 (15) XL:     5   Next: 38%
Magic:  5/5        EV: 13    Int: 14 (16) God:    Xom [..*...]
Gold:   174        SH:  0    Dex: 14      Spells: 4/4 levels left

rFire   . . .      SeeInvis .   a - +0 falchion (chaos)
rCold   . . .      Faith    .   (no shield)
rNeg    . . .      Spirit   .   (body armour unavailable)
rPois   .          Reflect  .   (helmet restricted)
rElec   .          Harm     .   (no cloak)
rCorr   .          Rampage  .   (no gloves)
Will    +....                   (no boots)
Stlth   ++........              (no amulet)
HPRegen 0.15/turn               (no ring)
MPRegen 0.09/turn               (no ring)

@: lethally poisoned (0 -> -13)
A: AC +5, unfitting armour, cold-blooded, stinger 1, talons 1, thin skeletal
structure 1, clever 2, deterioration 1, strong-willed 1, screaming 1
a: Renounce Religion


You were on level 2 of the Dungeon.
You worshipped Xom.
You were a toy of Xom.
You visited 1 branch of the dungeon, and saw 3 of its levels.

You collected 174 gold pieces.

Inventory:

Hand Weapons
 a - a +0 falchion of chaos (weapon)
Missiles
 j - 4 javelins (quivered)
 p - 2 atropa-tipped darts
Jewellery
 l - a ring of fire
Wands
 d - a wand of flame (2)
Miscellaneous
 b - a piece from Xom's chessboard (15/15)


   Skills:
 + Level 4.2 Fighting
 + Level 4.2 Long Blades
 + Level 1.0 Throwing
 * Level 3.6 Dodging


You had 4 spell levels left.
You didn't know any spells.
Your spell library contained the following spells:

 Spells                   Type           Power      Damage    Failure   Level
 Foxfire                  Conj/Fire      0%         2x1d4     28%         1
 Conjure Flame            Conj/Fire      0%         6-21      65%         3
 Ignite Poison            Fire/Tmut/Pois 0%         N/A       65%         3
 Inner Flame              Hex/Fire       0%         N/A       65%         3
 Flame Wave               Conj/Fire      0%         2d4       96%         4
 Fireball                 Conj/Fire      0%         3d3       100%        5


Dungeon Overview and Level Annotations

Branches:
Dungeon (3/15)

Altars:

Annotations:
D:2 exclusion: downstairs, Robin


Innate Abilities, Weirdness & Mutations

Your plain brown scales are hard. (AC +5)
You cannot fit into any form of body armour.
You are cold-blooded and may be slowed by cold attacks.
Your tail ends in a venomous barb.
You have sharp toenails.
You have a somewhat thin skeletal structure. (Dex +2, Stealth+)
Your mind is very acute. (Int +4)
Your body sometimes deteriorates upon taking damage.
You are strong-willed. (Will+)
You occasionally shout uncontrollably at your foes.


Message History

You are more poisoned.
You hit Robin. Your kick misses Robin. You tail-slap Robin, but do no damage.
Robin is severely wounded.
Robin blinks!
You feel very sick.
You feel sick.
You feel sick.
You feel sick.
Robin's horned helmet rattles.
You feel sick.
You hit Robin but do no damage.
Robin flickers and vanishes!
Deactivating autopickup; reactivate with Ctrl-A.
You claw something.
You feel sick. Something hits you.
* * * LOW HITPOINT WARNING * * *
You barely miss something. Your kick misses something.
You feel sick. Something hits you.
* * * LOW HITPOINT WARNING * * *
Something hits you but does no damage. Something hits you but does no damage.
You are lethally poisoned!
* * * LOW HITPOINT WARNING * * *
You feel very sick.
* * * LOW HITPOINT WARNING * * *
You feel sick. Something barely misses you.
* * * LOW HITPOINT WARNING * * *
You feel sick.
You feel better. Something hits you.
* * * LOW HITPOINT WARNING * * *
You are poisoned.
Really walk into that teleport trap?
Something hits you.
* * * LOW HITPOINT WARNING * * *
You are lethally poisoned!
You enter a teleport trap!
The teleport trap disappears.
Your surroundings suddenly seem different.
* * * LOW HITPOINT WARNING * * *
You feel very sick.
You die...
Xom roars with laughter!

#..........#
#.########.########### #.#
#.##........########### #.#
#.##.............##...# #.######
#.##.............##...# #......#
#.##.............##...# ######.#
#.##........#######...#
######.###.##.............##...#
#..............@...............†
#.......##................##...#
#.......#####.............##...#
##...)..##....#+#####.....######
#()>...............+......##
#...)..##.##.#.#####.......####
##....###.##.#....######.......
#....# #.##.####.# #.......
#....# #.##.#<.#.# #.......


There were no monsters in sight!

Vanquished Creatures
  A scorpion (D:2)
  Terence (D:3)
  3 adders
  A worm (D:2)
  2 orcs
  A bat (D:1)
  3 endoplasms
  A giant cockroach (D:1)
  9 goblins
  7 hobgoblins
  2 jackals (D:1)
  6 kobolds
  4 quokkas
  6 ball pythons
  2 frilled lizards
  5 rats
54 creatures vanquished.

Notes
Turn   | Place    | Note
-------+----------+-------------------------------------------
     0 | D:1      | Lekart the Draconian Chaos Knight began the quest for the
                  | Orb.
     0 | D:1      | Reached XP level 1. HP: 19/19 MP: 1/1
   203 | D:1      | XOM: silly message
   211 | D:1      | Reached XP level 2. HP: 26/26 MP: 2/2
   343 | D:1      | Found a faded altar of an unknown god.
   649 | D:1      | XOM: silly message
   985 | D:1      | XOM is BORED!
   985 | D:1      | XOM: noise
  1065 | D:2      | Reached XP level 3. HP: 26/33 MP: 3/3
  1129 | D:2      | XOM is BORED!
  1129 | D:2      | XOM: 2-stop teleportation journey
  1362 | D:2      | Noticed a scorpion
  1376 | D:2      | XOM: smoke on damage
  1378 | D:2      | Killed a scorpion
  1379 | D:2      | Reached XP level 4. HP: 23/40 MP: 4/4
  1742 | D:2      | XOM is BORED!
  1742 | D:2      | XOM: silly message
  1962 | D:2      | XOM: give mutations
  1962 | D:2      | Gained mutation: You are frail. (-10% HP) [Xom's mischief]
  1962 | D:2      | Gained mutation: You are weak. (Str -2) [Xom's mischief]
  1962 | D:2      | Gained mutation: You occasionally shout uncontrollably at
                  | your foes. [Xom's mischief]
  1962 | D:2      | Gained mutation: Your body sometimes deteriorates upon
                  | taking damage. [Xom's mischief]
  2021 | D:2      | Got the Almanac of Burning Envenoming
  2055 | D:2      | Lost mutation: You are frail. (-10% HP) [potion of
                  | mutation]
  2055 | D:2      | Lost mutation: You are weak. (Str -2) [potion of mutation]
  2055 | D:2      | Lost mutation: You occasionally shout uncontrollably at
                  | your foes. [potion of mutation]
  2055 | D:2      | Gained mutation: You occasionally shout uncontrollably at
                  | your foes. [potion of mutation]
  2055 | D:2      | Gained mutation: Your mind is acute. (Int +2) [potion of
                  | mutation]
  2055 | D:2      | Gained mutation: Your mind is very acute. (Int +4) [potion
                  | of mutation]
  2091 | D:3      | Noticed Terence
  2190 | D:3      | XOM: cast spell 'Statue Form'
  2203 | D:3      | Killed Terence
  2204 | D:3      | Reached skill level 1 in Throwing
  2204 | D:3      | Reached XP level 5. HP: 20/46 MP: 5/5
  2458 | D:3      | XOM: cloud trail
  2633 | D:3      | Noticed Robin
  3181 | D:2      | XOM: give mutations
  3181 | D:2      | Gained mutation: Your tail ends in a venomous barb. [Xom's
                  | grace]
  3181 | D:2      | Gained mutation: You are strong-willed. (Will+) [Xom's
                  | grace]
  3181 | D:2      | Gained mutation: You have a somewhat thin skeletal
                  | structure. (Dex +2, Stealth+) [Xom's grace]
  3181 | D:2      | Gained mutation: You have sharp toenails. [Xom's grace]
  3300 | D:2      | Succumbed to Robin's poison

Illustrated notes

Levels and vault maps discovered:
D:1:      heliophobic_arrival_ceremonial_halls, layout_basic,
          chequers_ecumenical_altar_lobes, minivault_26
D:2:      minmay_door_path, layout_basic
D:3:      layout_rooms, minmay_box_of_dots, uniq_terence, uniq_robin,
          uniq_sigmund

Skill      XL: |  1  2  3  4 |
---------------+-------------+-----
Dodging        | 3 |  3.6
Fighting       | 4 |  4.2
Long Blades    | 4 |  4.2
Throwing       | 1 |  1.0

Action                   |  1- 3 |  4- 6 || total
-------------------------+-------+-------++-------
Melee: Falchion          |    83 |    85 ||   168
       Tailslap          |     7 |    14 ||    21
       Punch             |       |     3 ||     3
       Kick              |       |     8 ||     8
Throw: Javelin           |    14 |    10 ||    24
Evoke: Piece from Xom's  |     1 |       ||     1
  Use: Scroll            |       |     7 ||     7
       Potion            |       |     8 ||     8
Armor: Skin              |    36 |    46 ||    82
Dodge: Dodged            |    88 |    86 ||   174

Table legend: (Time is in decaauts)
 A = Elapsed time spent in this place.
 B = Non-inter-level travel time spent in this place.
 C = Inter-level travel time spent in this place.
 D = Time resting spent in this place.
 E = Time spent auto-exploring this place.
 F = Levels seen in this place.
 G = Mean time per level.
                   A        B        C        D        E       F      G
               +--------+--------+--------+--------+--------+-----+--------+
         Total |   3362 |   3191 |    171 |    503 |   2147 |   3 | 1120.7 |
       Dungeon |   3362 |   3191 |    171 |    503 |   2147 |   3 | 1120.7 |
               +--------+--------+--------+--------+--------+-----+--------+

Top non-repeatable levels by time:
     D:2: 1709 daAuts
     D:1: 1061 daAuts
     D:3: 591 daAuts
